 Dungeon Crawl Stone Soup version 0.27-a0-1149-g4505690ab0 (webtiles) character file.

Game seed: 753946224041531344

345 robertstho the Magician (level 6, -3/42 HPs)
             Began as a Djinni Conjurer on May 12, 2021.
             Was an Initiate of Gozag.
             Slain by a wyvern (13 damage)
             ... on level 4 of the Dungeon.
             The game lasted 00:05:06 (3769 turns).

robertstho the Magician (Djinni Conjurer)           Turns: 3769, Time: 00:05:07

Health: -3/42      AC:  4    Str:  6    XL:     6   Next: 89%
Gold:   84         EV: 12    Int: 22    God:    Gozag SH:  0 Dex: 11

rFire    + + .     SeeInvis .   i - +2 war axe (vorpal)
rCold    x . .     Faith    .   (no shield)
rNeg     . . .     Spirit   .   a - +0 robe
rPois    ∞         Reflect  .   h - +1 helmet
rElec    .         Harm     .   f - scarf {+Inv}
rCorr    .         Rampage  .   (no gloves)
Will     .....                  (boots unavailable)
Stlth    ++........             (no amulet)
HPRegen  0.14/turn              (no ring)
MPRegen  0.00/turn              (no ring)

@: flying
A: sickness immunity, fire resistance 2, cold vulnerability 1, float, innate
caster, hp casting, extra vitality 1
a: Renounce Religion, Evoke Invisibility, Potion Petition, Call Merchant, Bribe
Branch


You were on level 4 of the Dungeon.
You worshipped Gozag.
Gozag was noncommittal.
You visited 1 branch of the dungeon, and saw 4 of its levels.

You collected 110 gold pieces.
You paid 26 gold pieces to Gozag.

Inventory:

Hand Weapons
 i - a +2 vorpal war axe (weapon)
 k - a +3 short sword
Armour
 a - a +0 robe (worn)
 f - a scarf of invisibility (worn)
 g - a +2 cloak of willpower
 h - a +1 helmet (worn)
Scrolls
 c - 3 scrolls of teleportation
 d - 2 scrolls of identify {unknown}
 e - a scroll of magic mapping {unknown}
 l - a scroll of immolation {unknown}
Potions
 b - 2 potions of brilliance {unknown}
 j - a potion of heal wounds {unknown}


   Skills:
 + Level 1.0 Fighting
 + Level 0.7 Axes
 + Level 2.8 Dodging
 + Level 2.2 Stealth
 + Level 5.4 Spellcasting


You couldn't memorise any spells.
You knew the following spells:

 Your Spells              Type           Power      Damage    Failure   Level
a - Magic Dart            Conj           100%       1d8       1%          1
b - Searing Ray           Conj           60%        3d5       1%          2
c - Dazzling Flash        Conj/Hex       60%        N/A       3%          3
d - Fulminant Prism       Conj/Hex       15%        3d11      10%         4
e - Iskenderun's Mystic   Conj/Tloc      30%        2d8       10%         4
f - Beastly Appendage     Tmut           60%        N/A       1%          1
g - Poisonous Vapours     Pois/Air       60%        N/A       1%          2
Your spell library was empty.

Dungeon Overview and Level Annotations

Branches:
Dungeon (4/15)
 Temple: D:4-7

Altars:
Gozag
Hepliaklqana


Innate Abilities, Weirdness & Mutations

You are immune to sickness and miasma.
You are immune to poison.
Your flesh is very heat resistant. (rF++)
You are vulnerable to cold. (rC-)
You float through the air rather than walking.
You learn spells naturally, not from books.
Your magical power is your life essence.
You have superior vitality. (+4 HP)


Message History

The magic dart hits the wyvern.
The wyvern is moderately wounded.
Unknown command.
Aiming: Magic Dart (safe; 1% risk of failure)
Press: ? - help, Q - select action, (/) - cycle Shift-Dir - straight line, f/p - wyvern
Aim: a wyvern (lightly wounded, 100% to hit)
The magic dart hits the wyvern.
The wyvern is moderately wounded.
Unknown command.
Casting: Magic Dart (safe; 1% risk of failure)
Confirm with . or Enter, or press ? or * to list all spells.
Aiming: Searing Ray (safe; 1% risk of failure)
Press: ? - help, Shift-Dir - straight line, f/p - wyvern
Aim: a wyvern (moderately wounded, 79% to hit)
The searing ray hits the wyvern!
The wyvern is heavily wounded. (Press . to maintain the ray.) Unknown command.
The searing ray hits the wyvern.
The wyvern is severely wounded.
The wyvern bites you! The wyvern barely misses you.
The searing ray misses the wyvern.
The wyvern bites you!
The searing ray misses the wyvern.
* * * LOW HITPOINT WARNING * * *
You finish channeling your searing ray.
The wyvern closely misses you. x2
Casting: Searing Ray (safe; 1% risk of failure)
Confirm with . or Enter, or press ? or * to list all spells.
Aiming: Searing Ray (safe; 1% risk of failure)
Press: ? - help, Shift-Dir - straight line, f/p - wyvern
Aim: a wyvern (severely wounded, 79% to hit)
The searing ray misses the wyvern. (Press . to maintain the ray.)
* * * LOW HITPOINT WARNING * * *
The wyvern closely misses you.
The searing ray hits the wyvern.
The wyvern is almost dead.
* * * LOW HITPOINT WARNING * * *
The wyvern closely misses you. The wyvern bites you!
You die...
Your body crumbles into a pile of gold.

# ##### #.
...... ###
#.###>..... ...
#.........
#.###@l...?..
#.#.###...$. #
#..# ....# ##.#
.<. #######.#
..
........#####.#
#######.......#
####.#.##
####.#.#


You could see a wyvern.

Vanquished Creatures
  Sigmund (D:3)
  Crazy Yiuf (D:3)
  Jessica (D:2)
  Terence (D:3)
  Robin (D:2)
  A worm (D:2)
  A dart slug (D:1)
  5 orcs (D:3)
  4 ball pythons
  3 bats (D:3)
  3 endoplasms
  4 giant cockroaches
  15 goblins
  11 hobgoblins
  3 jackals (D:1)
  7 kobolds
  4 quokkas
  3 frilled lizards
  6 rats
75 creatures vanquished.

Notes
Turn   | Place    | Note
-------+----------+-------------------------------------------
     0 | D:1      | robertstho the Djinni Conjurer began the quest for the Orb.
     0 | D:1      | Reached XP level 1. HP: 15/15 MP: 0/0
   147 | D:1      | Reached XP level 2. HP: 14/21 MP: 0/0
   590 | D:1      | Found a faded altar of an unknown god.
   856 | D:1      | Reached XP level 3. HP: 22/25 MP: 0/0
   856 | D:1      | Learned a level 1 spell: Beastly Appendage
  1135 | D:1      | Reached skill level 4 in Spellcasting
  1994 | D:2      | Noticed Jessica
  1997 | D:2      | Killed Jessica
  1998 | D:2      | Reached XP level 4. HP: 28/31 MP: 0/0
  2297 | D:2      | Noticed Robin
  2306 | D:2      | Killed Robin
  2313 | D:2      | Reached XP level 5. HP: 12/36 MP: 0/0
  2313 | D:2      | Learned a level 2 spell: Poisonous Vapours
  2696 | D:3      | Noticed Terence
  2710 | D:3      | Killed Terence
  2872 | D:3      | Noticed Sigmund
  2884 | D:3      | Killed Sigmund
  2885 | D:3      | Reached skill level 5 in Spellcasting
  2885 | D:3      | Reached XP level 6. HP: 31/41 MP: 0/0
  3011 | D:3      | Found a runed translucent door.
  3012 | D:3      | Noticed Crazy Yiuf
  3089 | D:3      | Found a large runed translucent door.
  3089 | D:3      | Found a large runed translucent door.
  3522 | D:3      | Found a hazy altar of Hepliaklqana.
  3599 | D:3      | Found an opulent altar of Gozag.
  3602 | D:3      | Became a worshipper of Gozag Ym Sagoz the Greedy
  3659 | D:3      | Killed Crazy Yiuf
  3660 | D:3      | Reached skill level 1 in Fighting
  3760 | D:4      | Noticed a wyvern
  3769 | D:4      | Slain by a wyvern

Illustrated notes

Levels and vault maps discovered:
D:1:      shiori_arrival_elements, layout_loops_ring,
          ebering_ecumenical_altar_petrified, chequers_serial_rivers_room_b
D:2:      layout_loops_cross, uniq_jessica, uniq_robin
D:3:      layout_basic, nicolae_overflow_hidden_temple, jmf_multi_god_temple2,
          uniq_terence, uniq_crazy_yiuf_cottage, uniq_sigmund
D:4:      layout_loops_ring, hangedman_abyss_or_decor_stagger,
          grunt_ministairs_1

Skill      XL: |  1  2  3  4  5  6 |
---------------+-------------------+-----
Spellcasting   | 4 5 |  5.4
Stealth        | 2 |  2.2
Fighting       | 1 |  1.0
Axes           | |  0.7
Dodging        | |  2.8

Action                   |  1- 3 |  4- 6 || total
-------------------------+-------+-------++-------
Melee: War axe           |       |    18 ||    18
 Cast: Magic Dart        |    88 |    17 ||   105
       Searing Ray       |       |    16 ||    16
  Use: Scroll            |       |     3 ||     3
       Potion            |       |     2 ||     2
 Stab: Sleeping          |       |     1 ||     1
Armor: Robe              |     4 |     8 ||    12
Dodge: Dodged            |    12 |    29 ||    41

Table legend: (Time is in decaauts)
 A = Elapsed time spent in this place.
 B = Non-inter-level travel time spent in this place.
 C = Inter-level travel time spent in this place.
 D = Time resting spent in this place.
 E = Time spent auto-exploring this place.
 F = Levels seen in this place.
 G = Mean time per level.
                   A        B        C        D        E       F      G
               +--------+--------+--------+--------+--------+-----+--------+
         Total |   3775 |   3664 |    111 |    515 |   2788 |   4 |  943.8 |
       Dungeon |   3775 |   3664 |    111 |    515 |   2788 |   4 |  943.8 |
               +--------+--------+--------+--------+--------+-----+--------+

Top non-repeatable levels by time:
     D:1: 1431 daAuts
     D:2: 1216 daAuts
     D:3: 1077 daAuts
     D:4: 49 daAuts
